 Dungeon Sprint DCSS version 0.30.0-29-ga12c61a403 (webtiles) character file.

Game seed: 1315529750387399134

874 boopmooplesden the Carver (level 7, -2/72 HPs)
             Began as a Black Draconian Berserker on June 23, 2023.
             Was a High Priest of Trog.
             Succumbed to an orange demon's poison
             ... in the Dungeon (Sprint VII: "The Pits").
             The game lasted 00:01:33 (702 turns).

boopmooplesden the Carver (DrBe)                     Turns: 702, Time: 00:01:33

Health: -2/72      AC:  2    Str: 19    XL:     7   Next: 74%
Magic:  7/7        EV: 16    Int:  8    God:    Trog [*****.]
Gold:   0          SH:  0    Dex: 14    Spells: 6/6 levels left

rFire   . . .        l - +8 battleaxe "Pium" {flame, rC+ Dex+2 SInv Stlth-}
rCold   + . .        (shield currently unavailable)
rNeg    . . .        (body armour unavailable)
rPois   .            (helmet restricted)
rElec   +            (no cloak)
rCorr   .            (no gloves)
SInv    +            (no boots)
Will    .....        (no amulet) Stlth
                     (no ring)
HPRegen 0.32/turn    (no ring)
MPRegen 0.10/turn

%: no teleportation
@: lethally poisoned (-2 -> -37), corroded, on berserk cooldown, slowed, very
slow
A: breathe lightning, AC +6, unfitting armour, electricity resistance,
cold-blooded
a: Breathe Lightning, Renounce Religion, Berserk, Trog's Hand, Brothers in Arms


You were in the Dungeon.
You worshipped Trog.
Trog was extremely pleased with you.
You visited 1 branch

Inventory:

Hand Weapons
 a - a +0 falchion
 h - a +2 falchion
 k - a +2 long sword of flaming
 l - the +8 battleaxe "Pium" (weapon) {flame, rC+ Dex+2 SInv Stlth-}
   (Trog gifted it to you in the Dungeon)

   Dex:       It affects your dexterity (+2).
   rC:        It protects you from cold.
   SInv:      It lets you see invisible.
   Stlth:     It makes you less stealthy.
Scrolls
 g - a scroll of blinking
 j - a scroll of summoning
Potions
 b - 6 potions of curing
 c - 6 potions of heal wounds
 d - a potion of haste
 e - 4 potions of magic
 f - 3 potions of berserk rage
 i - 2 potions of invisibility


   Skills:
 + Level 10.0 Fighting
 + Level 11.3 Long Blades
 + Level 3.6 Axes
 + Level 9.0 Dodging


You had 6 spell levels left.
You didn't know any spells.
Your spell library was empty.

Dungeon Overview and Level Annotations

Branches:
Dungeon (1/1)

Altars:


Innate Abilities, Weirdness & Mutations

You can breathe wild blasts of lightning.
Your glossy black scales are hard. (AC +6)
You cannot fit into any form of body armour.
You are resistant to electric shocks. (rElec)
You are cold-blooded and may be slowed by cold attacks.


Message History

The acid dragon moves out of view.
An orange demon comes into view.
The orange demon screeches!
The acid dragon spits acid at you. The splash of acid hits you!!
The acid corrodes you!
There is an open door here.
A red film seems to cover your vision as you go berserk!
You feel yourself moving faster!
You feel mighty!
The acid dragon closely misses you. x2; The orange demon stings you from afar!
You barely miss the acid dragon. You tail-slap the acid dragon!
The acid dragon is moderately wounded.
The acid dragon bites you.
The acid dragon claws you but does no damage.
The orange demon closely misses you.
You slice the acid dragon!! You burn the acid dragon.
You kill the acid dragon!
Trog accepts your kill. The orange demon stings you from afar!
Your Fighting skill increases to level 10!
Your Dodging skill increases to level 9!
The orange demon stings you!
You are poisoned.
The orange demon poisons you! The orange demon hits you.
You see here an acid dragon corpse.
You feel a strong urge to attack something.
You feel very sick. The orange demon stings you from afar!
* * * LOW HITPOINT WARNING * * *
You are lethally poisoned!
The orange demon poisons you!
You are no longer berserk.
You are exhausted.
You feel yourself slow down.
* * * LOW HITPOINT WARNING * * *
You feel extremely sick. The mummy misses you.
You hit the orange demon. You burn the orange demon.
The orange demon is lightly wounded.
You barely miss the mummy.
You die...

#.#........##.......#
#.#####'#####...<...#
#)#...)))[.##.......#
#.#....))[.##.......#
#'###########.......#
#.......#..##########
#..#.#..#.######
#.##.##.#÷#....#
#.......#)#†@..#
#.##.##.#.'M4..+
#..#.#..#'#....#
#.......'.#....#
################


You could see an orange demon and a mummy.

Vanquished Creatures
  A flying skull (D)
  A shadow (D)
  An acid dragon (D)
  An ice beast (D)
  A bullfrog (D)
  A scorpion (D)
  3 wights (D)
  A quasit (D)
  A jelly (D)
  A river rat (D)
  A white imp (D)
  An ufetubus (D)
  An orc (D)
  4 ball pythons (D)
  A bat (D)
  A hobgoblin (D)
  4 jackals (D)
  A frilled lizard (D)
  2 kobolds (D)
28 creatures vanquished.

Notes
Turn   | Place    | Note
-------+----------+-------------------------------------------
     0 | D        | boopmooplesden the Draconian Berserker began the quest for
                  | the Orb.
     0 | D        | Reached XP level 1. HP: 19/19 MP: 1/1
    14 | D        | Reached XP level 2. HP: 27/27 MP: 2/2
    55 | D        | Reached ** piety under Trog
    59 | D        | Reached skill level 4 in Long Blades
    81 | D        | Reached *** piety under Trog
    88 | D        | Reached skill level 5 in Fighting
    88 | D        | Reached XP level 3. HP: 9/36 MP: 3/3
   331 | D        | Noticed a scorpion
   344 | D        | Killed a scorpion
   345 | D        | Reached skill level 5 in Long Blades
   345 | D        | Reached skill level 5 in Dodging
   345 | D        | Reached XP level 4. HP: 44/44 MP: 4/4
   345 | D        | Reached **** piety under Trog
   347 | D        | Reached skill level 6 in Long Blades
   362 | D        | Reached ***** piety under Trog
   371 | D        | Identified the +8 battleaxe "Pium" {flame, rC+ Dex+2 SInv
                  | Stlth-} (Trog gifted it to you in the Dungeon)
   371 | D        | Received a gift from Trog
   372 | D        | Reached skill level 7 in Long Blades
   372 | D        | Reached XP level 5. HP: 42/52 MP: 5/5
   379 | D        | Reached skill level 8 in Long Blades
   382 | D        | Reached XP level 6. HP: 46/61 MP: 6/6
   432 | D        | Noticed a flying skull
   434 | D        | Killed a flying skull
   435 | D        | Reached skill level 10 in Long Blades
   437 | D        | Noticed a shadow
   441 | D        | Killed a shadow
   442 | D        | Reached skill level 1 in Axes
   442 | D        | Your scales start taking on a glossy black colour.
   442 | D        | Reached XP level 7. HP: 57/70 MP: 7/7
   442 | D        | Gained mutation: You are resistant to electric shocks.
                  | (rElec) [Black Draconian growth]
   450 | D        | Reached skill level 11 in Long Blades
   695 | D        | Noticed an orange demon
   699 | D        | Reached skill level 10 in Fighting
   702 | D        | Succumbed to an orange demon's poison

Illustrated notes

Levels and vault maps discovered:
D:        pitsprint [storerooms_1, entrance_room_1, metal_vault_1, armoury_2,
          mini_pit_1, grid_room_1, main_hall_1, silver_pit, the_coven_3,
          the_vestibule_1, steel_vault_2, golden_pit, hallway_of_sentries,
          crystal_vault_4, iron_vault_1, final_vault]

Skill      XL: |  1  2  3  4  5  6  7 |
---------------+----------------------+-----
Fighting       | 4 5 6 7 8 9 10 | 10.0
Dodging        | 3 4 5 6 7 8 9 |  9.0
Long Blades    | 4 5 7 8 10 11 | 11.3
Axes           | 1 3 |  3.6

Action                     |  1- 3 |  4- 6 |  7- 9 || total
---------------------------+-------+-------+-------++-------
  Melee: Falchion          |    29 |       |       ||    29
         Tailslap          |     1 |     4 |     1 ||     6
         Long sword        |     3 |    36 |       ||    39
         Battleaxe         |       |     6 |     8 ||    14
 Invoke: Berserk           |     2 |       |     1 ||     3
Ability: Breathe Lightning |       |       |     1 ||     1
 Armour: Skin              |    13 |    12 |     2 ||    27
  Dodge: Dodged            |    30 |    42 |     7 ||    79
